 Dungeon Sprint DCSS version 0.30-a0-389-g8d7d949f56 (webtiles) character file.

Game seed: 5533751206214363418

436 mhtbhm the Arsonist (level 6, -7/30 (32) HPs)
             Began as a Deep Elf Fire Elementalist on Dec 3, 2022.
             Was a Priest of Vehumet.
             Shot with a bolt by a yaktaur captain (33 damage)
             ... in the Dungeon (Sprint V: "Ziggurat Sprint").
             The game lasted 00:02:46 (306 turns).

mhtbhm the Arsonist (Deep Elf Fire Elementalist)     Turns: 306, Time: 00:02:47

HP:   -7/30 (32)    AC:  5    Str:  5    XL:     6   Next: 68%
MP:   18/21         EV: 15    Int: 34    God:    Vehumet [***...]
Gold: 0             SH:  0    Dex: 15    Spells: 16/25 levels left

rFire   + . .      SeeInvis .    A - +8 lance "Wyrmbane" {slay drac, rPois rF+ rC+ AC+3}
rCold   + . .      Faith    .    (no shield)
rNeg    . . .      Spirit   .    a - +0 robe
rPois   +          Reflect  .    (no helmet)
rElec   .          Harm     .    (no cloak)
rCorr   .          Rampage  .    (no gloves)
Will    .....      NoTele   +    (no boots)
Stlth   +++.......               (no amulet)
HPRegen 0.25/turn                t - +6 ring of intelligence
MPRegen 0.17/turn                u - +6 ring of intelligence

@: drained
A: no striking features
a: Renounce Religion


You were in the Dungeon.
You worshipped Vehumet.
Vehumet was most pleased with you.
You visited 1 branch

Inventory:

Hand Weapons
 A - the +8 lance "Wyrmbane" (weapon) {slay drac, rPois rF+ rC+ AC+3}
   (You found it in the Dungeon)

   It inflicts extra damage against dragons and draconians.
   AC:        It affects your AC (+3).
   rF:        It protects you from fire.
   rC:        It protects you from cold.
   rPois:     It protects you from poison.
Armour
 a - a +0 robe (worn)
Jewellery
 t - a +6 ring of intelligence (left hand)
 u - a +6 ring of intelligence (right hand)
Wands
 x - a wand of mindburst (6)
 y - a wand of light (4)
Scrolls
 g - 3 scrolls of blinking
 m - 4 scrolls of amnesia
 n - 7 scrolls of fog
 o - 5 scrolls of identify
 p - 2 scrolls of fear
Potions
 b - 8 potions of magic
 c - 10 potions of curing
 d - 8 potions of heal wounds
 e - 10 potions of haste
 f - 3 potions of berserk rage
 h - 2 potions of brilliance
 i - 2 potions of invisibility
 j - 4 potions of resistance
 k - a potion of experience
 l - 5 potions of might
Miscellaneous
 q - a box of beasts
 r - a tin of tremorstones (1/2)
 z - a lightning rod (3/4)


   Skills:
 + Level 6.2 Dodging
 + Level 5.3 Stealth
 + Level 10.1 Spellcasting
 + Level 4.1 Conjurations
 + Level 11.5 Fire Magic
 + Level 1.1 Evocations


You had 16 spell levels left.
You knew the following spells:

 Your Spells              Type           Power      Damage    Failure   Level
a - Foxfire               Conj/Fire      100%       2x1d9     1%          1
b - Scorch                Fire           100%       2d10      1%          2
c - Inner Flame           Hex/Fire       54%        N/A       1%          3
d - Kindle Blastsparks    Fire/Tloc/Air  86%        2d17      1%          3

Your spell library contained the following spells:

 Spells                   Type           Power      Damage    Failure   Level
 Freeze                   Ice            68%        1d8       1%          1
 Flame Wave               Conj/Fire      63%        2d15      1%          4
 Frozen Ramparts          Ice            34%        1d6       2%          3
 Leda's Liquefaction      Hex/Erth       8%         N/A       26%         4


Dungeon Overview and Level Annotations

Branches:
Dungeon (1/1)

Altars:
Ashenzari
Cheibriados
Dithmenos
Elyvilon
Fedhas
Gozag
Hepliaklqana
Kikubaaqudgha
Makhleb
Nemelex Xobeh
Okawaru
Qazlal
Ru
Sif Muna
Trog
Uskayaw
Vehumet
Wu Jian
Xom
Yredelemnul
Zin
The Shining One
Jiyva
Lugonu

Annotations:
D 1 transporter


Message History

Your Evocations skill increases to level 1!
You have reached level 6!
Unknown command.
You feel much better.
Unknown command.
Unknown command.
Aiming: Thunderbolt
Press: ? - help, Shift-Dir - straight line, f - slime creature, p - yaktaur captain
Aim: a slime creature (lightly wounded)
The thunderbolt hits the slime creature!
The slime creature is moderately wounded.
The thunderbolt hits the vault warden!
The vault warden is moderately wounded.
The ice encasing you melts away.
The vault warden hits you with a +2 great sword of draining!!
Ouch! That really hurt!
You feel drained.
* * * LOW HITPOINT WARNING * * *
Unknown command.
Unknown command.
Unknown command.
Unknown command.
Unknown command.
Unknown command.
Blink to where?
Press: ? - help, Dir - move target, p - slime creature
As you read the scroll of blinking, it crumbles to dust.
The vault warden is no longer blind.
The yaktaur captain is no longer blind.
The yaktaur captain shoots a bolt.
The bolt closely misses you.
You feel much better.
The yaktaur captain shoots a bolt.
The bolt hits you.
Unknown command.
Unknown command.
Unknown command.
The tremorstone explodes into fragments!
The burst of rock shards engulfs the vault warden!
The burst of rock shards engulfs the yaktaur captain!!
The burst of rock shards engulfs the slime creature!
The yaktaur captain shoots a bolt.
The bolt hits you!!
Ouch! That really hurt!
You die...

▓.8©8.▓.8©8.▓.8©8.▓
▓.[.|.▓.))..▓.....▓
▓..[..▓.....▓.....▓
▓.....▓..†..▓.....▓
▓.....▓..†..▓.....▓
▓..†..▓.....▓..©..▓
▓..©..▓..©..▓▓▓▓▓▓▓
▓▓▓▓▓▓▓▓▓▓▓▓▓▓
▓..8©8..@▓
▓..[|)...▓
▓...}p.J.▓
▓........▓
...c....▓
▓.▓.[..▓.▓
▓...§....▓
▓▓▓▓▓▓▓▓▓▓


You could see a vault warden, a yaktaur captain and a slime creature.

Vanquished Creatures
  2 phantoms (D)
  A necrophage (D)
  A quasit (D)
  An adder (D)
  2 ball pythons (D)
  A bat skeleton (D)
  A bat zombie (D)
9 creatures vanquished.

Vanquished Creatures (others)
  An ironbound frostheart (D)
  21 foxfires (D)
22 creatures vanquished.

Grand Total: 31 creatures vanquished

Notes
Turn   | Place    | Note
-------+----------+-------------------------------------------
     0 | D        | mhtbhm the Deep Elf Fire Elementalist began the quest for
                  | the Orb.
     0 | D        | Reached XP level 1. HP: 10/10 MP: 6/6
     0 | D        | Found a shimmering blue altar of Sif Muna.
     0 | D        | Found a bloodstained altar of Trog.
     0 | D        | Found a sacrificial altar of Ru.
     0 | D        | Found a stormy altar of Qazlal.
     0 | D        | Found an iron altar of Okawaru.
     9 | D        | Found a sparkling altar of Nemelex Xobeh.
     9 | D        | Found a blossoming altar of Fedhas.
     9 | D        | Found the +6 Majin-Bo {vamp, MP+6 Int+6}
     9 | D        | Found the +9 heavy crossbow "Sniper" {vorpal, Acc+∞ SInv}
     9 | D        | Found the +10 dark maul {vorpal}
     9 | D        | Found the +15 Maxwell's patent armour {-Cast -Tele rElec
                  | Will+ rCorr}
     9 | D        | Found the +18 shield of the Gong {rElec rN+ Will+ EV-5}
     9 | D        | Found the +14 obsidian axe {vorpal, Mesm Drain Fly SInv}
     9 | D        | Found the +7 great mace "Firestarter" {inner flame, rF++}
     9 | D        | Found the +6 shillelagh "Devastator" {shatter}
     9 | D        | Found the +11 plutonium sword {Contam Stlth-}
     9 | D        | Found the +8 lance "Wyrmbane" {slay drac, rPois rF+ rC+
                  | AC+3}
     9 | D        | Found the +9 sword of Zonguldrok {reap}
     9 | D        | Found the +13 scythe of Curses {drain, Drain}
     9 | D        | Found the +5 sword of Power {vorpal}
     9 | D        | Found the +7 mace of Variability {chain chaos}
     9 | D        | Found the +7 Singing Sword {vorpal, sonic wave}
     9 | D        | Found the +8 storm bow {elec, penet}
    12 | D        | Found an ancient bone altar of Kikubaaqudgha.
    12 | D        | Found a transporter.
    12 | D        | Found a corrupted altar of Lugonu.
    12 | D        | Found a viscous altar of Jiyva.
    12 | D        | Found a burning altar of Makhleb.
    12 | D        | Found a hazy altar of Hepliaklqana.
    12 | D        | Found an opulent altar of Gozag.
    49 | D        | Became a worshipper of Vehumet
    70 | D        | Entered arena 2.
    70 | D        | Noticed a quasit
    70 | D        | Found a transporter.
    76 | D        | Killed a quasit
    76 | D        | Reached * piety under Vehumet
    76 | D        | Offered knowledge of Freeze by Vehumet.
    77 | D        | Reached skill level 5 in Fire Magic
    77 | D        | Reached XP level 2. HP: 10/15 MP: 1/9
    77 | D        | Reached XP level 3. HP: 13/19 MP: 1/11
    82 | D        | Got the Compilation of Frore Hexes
    89 | D        | Learned a level 2 spell: Scorch
    93 | D        | Learned a level 3 spell: Inner Flame
    97 | D        | Learned a level 3 spell: Kindle Blastsparks
   156 | D        | Entered arena 3.
   156 | D        | Found a transporter.
   160 | D        | Reached skill level 6 in Fire Magic
   161 | D        | Reached skill level 5 in Spellcasting
   188 | D        | Entered arena 4.
   188 | D        | Noticed a phantom
   188 | D        | Noticed a necrophage
   188 | D        | Noticed a phantom
   188 | D        | Found a transporter.
   193 | D        | Killed a phantom
   193 | D        | Reached ** piety under Vehumet
   194 | D        | Reached skill level 8 in Fire Magic
   194 | D        | Reached XP level 4. HP: 24/24 MP: 7/14
   194 | D        | Killed a necrophage
   195 | D        | Reached skill level 5 in Dodging
   195 | D        | Reached skill level 9 in Fire Magic
   195 | D        | Reached XP level 5. HP: 27/28 MP: 7/16
   197 | D        | Killed a phantom
   197 | D        | Reached *** piety under Vehumet
   298 | D        | Entered arena 5.
   298 | D        | Noticed a vault warden
   298 | D        | Noticed a yaktaur captain
   298 | D        | Noticed a slime creature
   298 | D        | Noticed an ironbound frostheart
   298 | D        | Found a transporter.
   301 | D        | Killed an ironbound frostheart
   302 | D        | Reached skill level 5 in Stealth
   302 | D        | Reached skill level 10 in Spellcasting
   302 | D        | Reached skill level 11 in Fire Magic
   302 | D        | Reached skill level 1 in Evocations
   302 | D        | Reached XP level 6. HP: 18/32 MP: 18/21
   306 | D        | Shot with a bolt by a yaktaur captain

Illustrated notes

Levels and vault maps discovered:
D:        sprint_v [room_start, room_1, room_2, room_3, room_4, room_5, room_6,
          room_7, room_8, room_9, room_10, room_11, room_12, room_13, room_14,
          room_15, room_16, room_17, room_18, room_19, room_20, room_21,
          room_22, room_23, room_24, room_25, room_26, room_27]

Skill      XL: |  1  2  3  4  5 |
---------------+----------------+-----
Dodging        | 3 4 5 6 |  6.2
Stealth        | 3 4 5 |  5.3
Spellcasting   | 4 6 7 10 | 10.1
Fire Magic     | 5 8 9 11 | 11.5
Conjurations   | 2 3 4 |  4.1
Evocations     | 1 |  1.1

Action                   |  1- 3 |  4- 6 || total
-------------------------+-------+-------++-------
 Cast: Foxfire           |    11 |       ||    11
       Scorch            |     2 |     4 ||     6
Evoke: Wand              |     1 |     3 ||     4
       Lightning rod     |       |     1 ||     1
       Tin of tremorston |       |     1 ||     1
  Use: Potion            |       |     2 ||     2
       Scroll            |       |     1 ||     1
Armor: Robe              |     6 |     2 ||     8
Dodge: Dodged            |     9 |     3 ||    12

Table legend: (Time is in decaauts)
 A = Elapsed time spent in this place.
 B = Non-inter-level travel time spent in this place.
 C = Inter-level travel time spent in this place.
 D = Time resting spent in this place.
 E = Time spent auto-exploring this place.
 F = Levels seen in this place.
 G = Mean time per level.
                   A        B        C        D        E       F      G
               +--------+--------+--------+--------+--------+-----+--------+
         Total |    304 |    304 |      0 |    164 |      0 |   1 |  304.0 |
       Dungeon |    304 |    304 |      0 |    164 |      0 |   1 |  304.0 |
               +--------+--------+--------+--------+--------+-----+--------+

Top non-repeatable levels by time:
       D: 304 daAuts
